 Dungeon Crawl Stone Soup version 0.23.1 (webtiles) character file.

Game seed: 18139314805329149051

197 Fang the Skirmisher (level 5, 0/34 HPs)
             Began as a Gargoyle Berserker on Mar 8, 2019.
             Was a Believer of Trog.
             Slain by a bat (1 damage)
             ... on level 2 of the Dungeon.
             The game lasted 00:01:26 (2261 turns).

Fang the Skirmisher (Gargoyle Berserker)            Turns: 2261, Time: 00:01:27

Health: 0/34       AC:  6    Str: 21    XL:     5   Next: 75%
Magic:  14/14      EV: 12    Int:  5    God:    Trog [**....]
Gold:   79         SH:  0    Dex:  9    Spells: 4/4 levels left

rFire    . . .     SeeInvis .   a - +0 hand axe
rCold    . . .     Gourm    .   (no shield)
rNeg     + . .     Faith    .   b - +0 animal skin
rPois    ∞         Spirit   .   (no helmet)
rElec    +         Reflect  .   (no cloak)
rCorr    .         Harm     .   (no gloves)
MR       .....                  (no boots)
Stlth    +.........             (no amulet)
HPRegen  0.11/turn              j - -3 ring of intelligence (curse)
MPRegen  0.14/turn              p - ring of magical power

@: berserk cooldown, slowed, very slow
A: negative energy resistance 1, electricity resistance, unbreathing,
petrification resistance, rot immunity, AC +4
a: Berserk, Trog's Hand, Renounce Religion


You were on level 2 of the Dungeon.
You worshipped Trog.
Trog was pleased with you.
You were very hungry.

You visited 1 branch of the dungeon, and saw 2 of its levels.

You collected 79 gold pieces.

Inventory:

Hand Weapons
 a - a +0 hand axe (weapon)
Armour
 b - a +0 animal skin (worn)
Jewellery
 j - a cursed -3 ring of intelligence (left hand)
 p - a ring of magical power (right hand)
Scrolls
 h - 3 scrolls of identify {unknown}
 i - 2 scrolls of remove curse {unknown}
 k - a scroll of noise {unknown}
 l - a scroll of fog {unknown}
 n - 2 scrolls of teleportation {unknown}
 o - a scroll of immolation {unknown}
Potions
 e - 2 potions of might {unknown}
 f - a potion of ambrosia {unknown}
 g - a potion of brilliance {unknown}
 m - 2 potions of berserk rage {unknown}
 q - a potion of resistance {unknown}
Comestibles
 c - 5 rations


   Skills:
 + Level 4.4 Fighting
 + Level 3.6 Axes
 + Level 3.6 Armour
 + Level 2.7 Dodging


You had 4 spell levels left.
You didn't know any spells.
Your spell library was empty.

Dungeon Overview and Level Annotations

Branches:
Dungeon (2/15)

Altars:
Okawaru


Innate Abilities, Weirdness & Mutations

You are resistant to torment.
Your stone body is resilient. (AC +4)
You are immune to poison.
You resist negative energy. (rN+)
You are resistant to electric shocks. (rElec)
You can survive without breathing.
You are immune to petrification.
You are immune to rotting.


Message History

You slash the orc!
You kill the orc!
Trog accepts your kill.
You miss the leopard gecko.
A bat comes into view.
The leopard gecko bites you.
* * * LOW HITPOINT WARNING * * *
The bat moves out of view.
You slash the leopard gecko!
You kill the leopard gecko!
Trog accepts your kill.
You are no longer berserk.
Trog's vigour flows through your veins.
You are exhausted.
You feel yourself slow down.
Things that are here:
a +0 trident; a +0 ring mail; an orc corpse The bat hits you but does no damage.
The bat hits you but does no damage. The bat hits you.
You die...

#................##.###'##...
#......####.#....##<.........
#...........#.##.#####.....##
#.##.....###.....# #.....#
#.........##..#..# #######
###.<.....##..####
#...###.....# ##### #####.#
##.@†# #.b### #.............
#.####........ .........
......... #.........
#....##### #....#


You could see a bat.

Vanquished Creatures
  A bullfrog (D:2)
  An orc priest (D:2)
  2 adders (D:2)
  3 oozes (D:2)
  2 worms (D:2)
  4 dart slugs
  2 leopard geckos
  3 orcs (D:2)
  2 giant cockroaches (D:1)
  7 goblins
  7 hobgoblins
  6 jackals
  8 kobolds
  A ball python (D:2)
  4 bats
  4 frilled lizards
  5 rats
62 creatures vanquished.

Notes
Turn   | Place    | Note
-------+----------+-------------------------------------------
     0 | D:1      | Fang the Gargoyle Berserker began the quest for the Orb.
     0 | D:1      | Reached XP level 1. HP: 14/14 MP: 1/1
   158 | D:1      | Reached XP level 2. HP: 8/19 MP: 2/2
   417 | D:1      | Reached XP level 3. HP: 22/23 MP: 3/3
   847 | D:1      | Found an iron altar of Okawaru.
  1367 | D:2      | Reached ** piety under Trog
  1375 | D:2      | Reached XP level 4. HP: 24/29 MP: 4/4
  1536 | D:2      | Reached skill level 4 in Fighting
  1925 | D:2      | Noticed a bullfrog
  1935 | D:2      | Killed a bullfrog
  1935 | D:2      | Reached XP level 5. HP: 24/33 MP: 5/5
  2255 | D:2      | HP: 2/51 [orc/+0 trident (7)]
  2261 | D:2      | Slain by a bat

Skill      XL: |  1  2  3  4 |
---------------+-------------+-----
Dodging        | 2 |  2.7
Axes           | 3 |  3.6
Armour         | 3 |  3.6
Fighting       | 4 |  4.4

Action                   |  1- 3 |  4- 6 || total
-------------------------+-------+-------++-------
Melee: Hand axe          |    94 |    88 ||   182
Invok: Berserk           |     1 |     2 ||     3
 Stab: Sleeping          |     1 |       ||     1
  Eat: Chunk             |     3 |     3 ||     6
Armor: Animal skin       |    43 |    32 ||    75
Dodge: Dodged            |    96 |    72 ||   168
